 Dungeon Crawl Stone Soup version 0.29-a0-730-g5686a2c4f1 (webtiles) character file.

Game seed: 14455435105370396488

144 greasedhog the Shooter (level 5, 0/38 HPs)
             Began as a Formicid Hunter on June 29, 2022.
             Succumbed to a water moccasin's poison
             ... in a sewer.
             The game lasted 00:04:25 (2410 turns).

greasedhog the Shooter (Formicid Hunter)            Turns: 2410, Time: 00:04:25

Health: 0/38       AC:  3    Str: 13 (16) XL:     5   Next: 51%
Magic:  5/5        EV: 12    Int:  7 (8)  God:
Gold:   126        SH:  0    Dex: 17 (19) Spells: 4/4 levels left

rFire   . . .      SeeInvis +   a - +0 shortbow
rCold   . . .      Faith    .   (no shield)
rNeg    . . .      Spirit   .   c - +0 leather armour
rPois   .          Reflect  .   (helmet unavailable)
rElec   .          Harm     .   (no cloak)
rCorr   .          Rampage  .   (no gloves)
Will    .....                   (no boots)
Stlth   +++.......              (no amulet)
HPRegen 0.12/turn               (no ring)
MPRegen 0.09/turn               (no ring)

@: lethally poisoned (0 -> -32)
A: permanent stasis, dig shafts and tunnels, antennae 3, four strong arms
a: Dig


You were in a sewer.
You visited 1 branch of the dungeon, and saw 4 of its levels.
You also visited: Sewer.

You collected 126 gold pieces.

Inventory:

Hand Weapons
 a - a +0 shortbow (weapon)
 t - a +0 whip
Armour
 c - a +0 leather armour (worn)
 g - a +0 kite shield
Jewellery
 r - a ring of magical power
Wands
 n - a wand of charming (13)
Scrolls
 b - 2 scrolls of immolation
 j - a scroll of enchant armour
 m - a scroll of blinking {unknown}
 p - 2 scrolls of poison
 q - a scroll of torment {unknown}
Potions
 d - a potion of attraction
 e - a potion of invisibility {unknown}
 f - a potion of mutation {unknown}
 h - a potion of heal wounds {unknown}
 i - a potion of cancellation {unknown}
 k - a potion of might {unknown}
 l - a potion of curing {unknown}
 o - a potion of degeneration


   Skills:
 - Level 2.1 Fighting
 * Level 5.3 Ranged Weapons
 - Level 1.7 Dodging
 * Level 4.6 Stealth


You had 4 spell levels left.
You didn't know any spells.
Your spell library contained the following spells:

 Spells                   Type           Power      Damage    Failure   Level
 Sting                    Tmut/Pois      0%         1d3       52%         1
 Ensorcelled Hibernation  Hex/Ice        0%         N/A       65%         2
 Passwall                 Tmut/Erth      0%         N/A       65%         2
 Poisonous Vapours        Pois/Air       0%         N/A       65%         2
 Olgreb's Toxic Radiance  Pois           0%         N/A       99%         4
 Swiftness                Air            Unusable   N/A       N/A         3

Dungeon Overview and Level Annotations

Branches:
Dungeon (4/15)              Sewer (1/1)
 Temple: D:4-7

Altars:


Innate Abilities, Weirdness & Mutations

You cannot be hasted, slowed, berserked, paralysed or teleported.
You can dig through walls and to a lower floor.
You have a pair of large antennae on your head. (SInv)
Your four strong arms can wield two-handed weapons with a shield.


Message History

You enter the shallow water.
Moving in this stuff is going to be slow.
A water moccasin comes into view.
Found a glowing steel ring and 2 large rocks.
You shoot an arrow. The arrow hits the water moccasin!
The water moccasin hisses angrily.
The water moccasin is moderately wounded.
You shoot an arrow. The arrow hits the water moccasin.
The water moccasin is heavily wounded.
You shoot an arrow.
The arrow barely misses the water moccasin.
You shoot an arrow.
The arrow closely misses the water moccasin.
The water moccasin bites you! The water moccasin bites you.
You shoot an arrow.
The arrow barely misses the water moccasin.
The water moccasin bites you. The water moccasin closely misses you.
You shoot an arrow. The arrow hits the water moccasin!
The water moccasin is almost dead.
The water moccasin bites you.
You are too injured to fight recklessly!
Non-targeted abil: Dig
Press: ? - help, Q - select action, (/) - cycle Dir - look around, f - activate Look: a water moccasin (almost dead)
You extend your mandibles.
Fire: a) +0 shortbow
Press: ? - help, Q - select action, (/) - cycle Shift-Dir - straight line, f/p - water moccasin
Aim: a water moccasin (almost dead)
You shoot an arrow.
The arrow barely misses the water moccasin.
The water moccasin bites you.
You are lethally poisoned!
The water moccasin poisons you! The water moccasin bites you.
* * * LOW HITPOINT WARNING * * *
You are more poisoned.
The water moccasin poisons you!
It was a potion of degeneration.
There was something very wrong with that liquid.
You feel weakened.
You feel dopey.
You feel clumsy.
You die...

# # # ######## ##
###.≈..≈.### .#
###....≈.≈≈..###
.#
###.≈.≈.####≈@S.≈#
≈###.....###
###≈≈...#
≈...≈.≈≈## #≈≈≈...
†###.....# .≈..##
.# ###.≈..≈# .##≈=
.# ###.≈..≈ ## (
## ##.... # #### #


You could see a water moccasin.

Vanquished Creatures
  An orc priest (D:3)
  2 adders
  A river rat (D:4)
  5 dart slugs
  8 orcs
  3 ball pythons
  2 endoplasms
  5 giant cockroaches
  12 goblins
  4 hobgoblins
  A jackal (Sewer)
  10 kobolds
  5 quokkas
  A bat (D:1)
  3 frilled lizards
  3 rats (D:1)
66 creatures vanquished.

Notes
Turn   | Place    | Note
-------+----------+-------------------------------------------
     0 | D:1      | greasedhog the Formicid Hunter began the quest for the Orb.
     0 | D:1      | Reached XP level 1. HP: 16/16 MP: 1/1
    63 | D:1      | Found a faded altar of an unknown god.
   136 | D:1      | Reached XP level 2. HP: 20/22 MP: 2/2
   417 | D:1      | Reached XP level 3. HP: 27/27 MP: 3/3
  1400 | D:2      | Reached XP level 4. HP: 33/33 MP: 4/4
  1903 | D:3      | Reached skill level 5 in Ranged Weapons
  2104 | D:3      | Reached XP level 5. HP: 38/38 MP: 5/5
  2119 | D:3      | You fall into a shaft and drop 1 floor!
  2229 | D:4      | Noticed a black bear
  2366 | D:4      | Found a glowing drain.
  2370 | Sewer    | Entered a sewer
  2402 | Sewer    | Noticed a water moccasin
  2410 | Sewer    | Succumbed to a water moccasin's poison

Illustrated notes

Levels and vault maps discovered:
D:1:      nagdon_arrival_zigzag_paths, layout_basic,
          ebering_ecumenical_altar_abandoned
D:2:      layout_loops_corners
D:3:      layout_basic, grunt_temple_overflow_open, kennysheep_potato
D:4:      layout_cave_pools, nzn_wu_jian_council_hall, gup_sewer_entry_bowl
Sewer:    sewer_the_moccasin

Skill      XL: |  1  2  3  4 |
---------------+-------------+-----
Stealth        | 2 3 4 |  4.6
Ranged Weapons | 5 |  5.3
Fighting       | |  2.1
Dodging        | |  1.7

Action                   |  1- 3 |  4- 6 || total
-------------------------+-------+-------++-------
 Fire: Shortbow          |    78 |   114 ||   192
 Abil: Dig               |       |     2 ||     2
       Shaft Self        |       |     1 ||     1
  Use: Scroll            |     1 |     2 ||     3
       Potion            |       |     1 ||     1
Armor: Leather armour    |     7 |     8 ||    15
Dodge: Dodged            |    36 |    29 ||    65

Table legend: (Time is in decaauts)
 A = Elapsed time spent in this place.
 B = Non-inter-level travel time spent in this place.
 C = Inter-level travel time spent in this place.
 D = Time resting spent in this place.
 E = Time spent auto-exploring this place.
 F = Levels seen in this place.
 G = Mean time per level.
                   A        B        C        D        E       F      G
               +--------+--------+--------+--------+--------+-----+--------+
         Total |   2476 |   2425 |     51 |     94 |   1809 |   5 |  495.2 |
       Dungeon |   2429 |   2378 |     51 |     94 |   1782 |   4 |  607.2 |
         Sewer |     47 |     47 |      0 |      0 |     27 |   1 |   47.0 |
               +--------+--------+--------+--------+--------+-----+--------+

Top non-repeatable levels by time:
     D:2: 1117 daAuts
     D:1: 767 daAuts
     D:3: 279 daAuts
     D:4: 265 daAuts
   Sewer: 47 daAuts
